 Dungeon Crawl Stone Soup version 0.29-a0-371-g91724d5b39 (webtiles) character file.

Game seed: 18217948965595317773

52 happo123 the Vexing (level 3, -4/27 HPs)
             Began as a Barachi Arcane Marksman on May 3, 2022.
             Slain by Crazy Yiuf
             ... wielding a +2 quarterstaff of chaos
              (11 damage)
             ... on level 2 of the Dungeon.
             The game lasted 00:16:16 (1238 turns).

happo123 the Vexing (Barachi Arcane Marksman)       Turns: 1238, Time: 00:16:17

Health: -4/27      AC:  4    Str: 11    XL:     3   Next: 85%
Magic:  4/5        EV: 12    Int: 13    God:
Gold:   81         SH:  0    Dex: 14    Spells: 4/5 levels left

rFire   . . .      SeeInvis .   a - +0 hand crossbow
rCold   . . .      Faith    .   (no shield)
rNeg    . . .      Spirit   .   f - +0 leather armour
rPois   +          Reflect  .   (no helmet)
rElec   .          Harm     .   (no cloak)
rCorr   .          Rampage  .   d - +0 pair of gloves
Will    .....                   (no boots)
Stlth   +.........              n - amulet of the acrobat
HPRegen 0.09/turn               k - ring of poison resistance
MPRegen 0.09/turn               (no ring)

@: slow
A: amphibious, slowness 1, strong legs 1, +LOS
a: Hop


You were on level 2 of the Dungeon.
You visited 1 branch of the dungeon, and saw 2 of its levels.

You collected 81 gold pieces.

Inventory:

Hand Weapons
 a - a +0 hand crossbow (weapon)
 o - a +1 whip of draining
Missiles
 j - a throwing net
Armour
 b - a +0 robe
 d - a +0 pair of gloves (worn)
 f - a +0 leather armour (worn)
Magical Staves
 p - a staff of air
Jewellery
 k - a ring of poison resistance (left hand)
 n - an amulet of the acrobat (around neck)
Scrolls
 c - a scroll of vulnerability
 m - 2 scrolls of identify {unknown}
 r - a scroll of teleportation {unknown}
 s - a scroll of holy word {unknown}
Potions
 e - 3 potions of curing {unknown}
 g - 2 potions of flight {unknown}
 h - 2 potions of magic {unknown}
 i - a potion of lignification {unknown}
 l - a potion of degeneration {unknown}
 q - a potion of cancellation {unknown}


   Skills:
 + Level 2.1 Fighting
 + Level 2.4 Crossbows
 + Level 2.8 Dodging
 + Level 1.9 Spellcasting
 + Level 3.6 Hexes


You had 4 spell levels left.
You knew the following spells:

 Your Spells              Type           Power      Damage    Failure   Level
a - Slow                  Hex            40%        N/A       8%          1

Your spell library contained the following spells:

 Spells                   Type           Power      Damage    Failure   Level
 Inner Flame              Hex/Fire       6%         N/A       43%         3
 Portal Projectile        Hex/Tloc       12%        N/A       43%         3
 Cause Fear               Hex            5%         N/A       58%         4
 Blade Hands              Tmut           0%         N/A       100%        5
 Excruciating Wounds      Necr           0%         N/A       100%        5


Dungeon Overview and Level Annotations

Branches:
Dungeon (2/15)

Altars:

Annotations:
D:2 Crazy Yiuf


Innate Abilities, Weirdness & Mutations

You are amphibious.
You cover ground slowly.
You can hop short distances.
You have an extended range of vision and can be seen from far away.


Message History

There is an open door here.
You open the door.
There is an open door here.
You open the door.
There is an open door here.
You open the door.
There is an open door here.
There is an open door here.
There is an open door here.
Found a mace.
Found a runed translucent door.
Crazy Yiuf shouts!
You open the door.
Aiming: Slow (safe; 8% risk of failure)
Press: ? - help, Q - select action, (/) - cycle Shift-Dir - straight line, f - Crazy Yiuf
Aim: Crazy Yiuf, wielding a +2 quarterstaff of chaos, wearing a +0 cloak and carrying a wand of flame (11) (chance to affect: 57%) Crazy Yiuf resists with significant effort.
Crazy Yiuf zaps a wand.
The puff of flame misses you.
Shoot: a) +0 hand crossbow
Press: ? - help, Shift-Dir - straight line, f/p - Crazy Yiuf
Aim: Crazy Yiuf, wielding a +2 quarterstaff of chaos, wearing a +0 cloak and carrying a wand of flame (10) (65% to hit)
You shoot a bolt.
The bolt hits Crazy Yiuf but does no damage.
Crazy Yiuf barely misses you.
Crazy Yiuf zaps a wand.
The puff of flame hits you.
Shoot: a) +0 hand crossbow
Press: ? - help, Shift-Dir - straight line, f/p - Crazy Yiuf
Aim: Crazy Yiuf, wielding a +2 quarterstaff of chaos, wearing a +0 cloak and carrying a wand of flame (9) (65% to hit)
You shoot a bolt. The bolt barely misses Crazy Yiuf.
Crazy Yiuf yells, "Goober cower chair!"
Crazy Yiuf hits you with a +2 quarterstaff of chaos!
Ouch! That really hurt!
* * * LOW HITPOINT WARNING * * *
Shoot: a) +0 hand crossbow
Press: ? - help, Shift-Dir - straight line, f/p - Crazy Yiuf
Aim: Crazy Yiuf, wielding a +2 quarterstaff of chaos, wearing a +0 cloak and carrying a wand of flame (9) (65% to hit)
You shoot a bolt.
The bolt hits Crazy Yiuf but does no damage.
Crazy Yiuf cries, "Cholesterol!"
Crazy Yiuf hits you with a +2 quarterstaff of chaos!
You die...

......#
#....# .
#.#.#....
......######
#+..+#
#.#.#.#....
...........#
♣PP..♣
#.#.#.# ...
.......#.###
♣♣.P.♣
#.#'#.# #..
.......#.###
♣♣.♣♣
#.....# #..
.......#..'#
♣♣.♣
#.....#....
#'####.#'###
♣.♣♣
#.....#.###
#.# #.....#
♣♣.♣
##.........
#.# #.....#
♣@♣♣
#..#.###.#
#.# #.....#
#g#
##...)...)
#.# #.#'###
...
#.#.###.#
#.# #)#.#
#...#
#.#.#(#.#
#.####.#.#
#)..#
#.#.###.#
#......#.#
#####
#........
########.#
#.#.###.#
..# #.#
#.... ...
#.######.#
#.... ###


You could see Crazy Yiuf.

Vanquished Creatures
  An adder (D:2)
  A worm (D:2)
  7 bats
  An endoplasm (D:1)
  2 giant cockroaches (D:2)
  4 goblins
  3 hobgoblins
  3 jackals (D:2)
  5 ball pythons
  2 frilled lizards
  4 kobolds
  3 rats (D:1)
36 creatures vanquished.

Notes
Turn   | Place    | Note
-------+----------+-------------------------------------------
     0 | D:1      | happo123 the Barachi Arcane Marksman began the quest for
                  | the Orb.
     0 | D:1      | Reached XP level 1. HP: 15/15 MP: 2/2
   136 | D:1      | Reached XP level 2. HP: 21/21 MP: 1/3
   719 | D:2      | Reached XP level 3. HP: 25/27 MP: 2/5
  1230 | D:2      | Found a runed translucent door.
  1231 | D:2      | Noticed Crazy Yiuf
  1238 | D:2      | Slain by Crazy Yiuf

Illustrated notes

Levels and vault maps discovered:
D:1:      nzn_arrival_water_spiral, layout_rooms, minmay_splitting_lines,
          hex_medium, nicolae_concentric_dashed_squares_wild
D:2:      layout_basic, minmay_surrounded, uniq_crazy_yiuf_cottage

Skill      XL: |  1  2  3 |
---------------+----------+-----
Fighting       | 2 |  2.1
Crossbows      | |  2.4
Dodging        | |  2.8
Spellcasting   | |  1.9
Hexes          | |  3.6

Action                   || total
-------------------------++-------
 Fire: Hand crossbow     ||   113
 Cast: Slow              ||    26
 Abil: Hop               ||     1
Armor: Robe              ||     4
       Leather armour    ||    25
Dodge: Dodged            ||    66

Table legend: (Time is in decaauts)
 A = Elapsed time spent in this place.
 B = Non-inter-level travel time spent in this place.
 C = Inter-level travel time spent in this place.
 D = Time resting spent in this place.
 E = Time spent auto-exploring this place.
 F = Levels seen in this place.
 G = Mean time per level.
                   A        B        C        D        E       F      G
               +--------+--------+--------+--------+--------+-----+--------+
         Total |   1491 |    328 |   1163 |      4 |      6 |   2 |  745.5 |
       Dungeon |   1491 |    328 |   1163 |      4 |      6 |   2 |  745.5 |
               +--------+--------+--------+--------+--------+-----+--------+

Top non-repeatable levels by time:
     D:1: 772 daAuts
     D:2: 719 daAuts
